Map: Dusk Towers

Players

MammouthQc - Winner!

  • Race: Terran Terran
  • League: Master

Saganer

  • Race: Protoss Protoss
  • League: Master

VOD

Have the link to the VOD?

Description

Time

  • Played on: Dec. 30, 2015, 4:14 p.m.
  • Length: 7:04
Show
View Real Time Build Order
Export as new Build Order

MammouthQc Terran - Winner!

Build Orders:  

Get SALT Encoding   

  12  0:01  SCV  
  13  0:13  SCV  
  14  0:20  Supply Depot  
  14  0:25  SCV  
  15  0:42  SCV, Barracks  
  16  0:46  Refinery  
  16  0:54  SCV  
  17  0:59  Refinery  
  17  1:06  SCV  
  18  1:16  Supply Depot  
  18  1:18  SCV  
  19  1:29  Reaper  
  19  1:32  Orbital Command  
  20  1:47  Factory  
  20  1:58  SCV  
  21  2:01  Reaper  
  21  2:06  Supply Depot  
  22  2:10  SCV  
  23  2:24  SCV  
  24  2:33  Factory Tech Lab, Reaper  
  24  2:36  SCV  
  26  2:49  SCV  
  27  3:00  Command Center  
  26  3:07  Reaper  
  26  3:08  Cyclone  
  31  3:20  SCV  
  31  3:28  Supply Depot  
  31  3:29  Mag-Field Accelerator  
  31  3:32  SCV  
  32  3:39  Reaper  
  32  3:40  Cyclone  
  36  3:44  SCV  
  36  3:46  Engineering Bay  
  37  3:56  SCV  
  38  4:05  Refinery  
  38  4:08  Refinery  
  38  4:13  Cyclone  
  41  4:25  Reaper  
  40  4:36  SCV  
  42  4:40  Missile Turret, Orbital Command  
  41  4:48  Cyclone  
  44  4:58  Reaper  
  45  5:06  SCV x2  
  47  5:25  SCV x2  
  46  5:30  Reaper  
  46  5:31  Factory  
  46  5:34  Command Center, Factory  
  47  5:37  SCV x2  
  49  5:49  SCV x2  
  51  5:55  Cyclone  
  51  5:56  Supply Depot  
  54  5:57  Supply Depot  
  54  5:59  Missile Turret  
  54  6:02  Reaper  
  55  6:04  SCV x2  
  55  6:10  Armory  
  57  6:16  SCV  
  57  6:17  Factory Tech Lab x2  
  58  6:20  Missile Turret  
  58  6:21  SCV  
  59  6:28  SCV  
  56  6:46  SCV x2  
  69  7:02  Refinery  
Show
View Real Time Build Order
Export as new Build Order

Saganer Protoss 

Build Orders: 1 Gate Expand 

Get SALT Encoding   

  12  0:01  Probe (Chrono Boost)  
  13  0:11  Probe (Chrono Boost)  
  14  0:20  Pylon  
  14  0:22  Probe (Chrono Boost)  
  15  0:38  Probe (Chrono Boost)  
  15  0:41  Gateway  
  16  0:49  Probe (Chrono Boost)  
  17  0:52  Assimilator  
  17  0:59  Probe (Chrono Boost)  
  18  1:10  Probe (Chrono Boost)  
  19  1:20  Probe (Chrono Boost)  
  19  1:25  Nexus  
  20  1:31  Probe (Chrono Boost)  
  21  1:41  Cybernetics Core  
  21  1:42  Probe (Chrono Boost)  
  22  1:48  Assimilator  
  22  1:52  Pylon  
  22  1:54  Probe (Chrono Boost)  
  23  2:20  Stalker  
  22  2:31  Probe (Chrono Boost)  
  22  2:42  Mothership Core (Chrono Boost), Probe (Chrono Boost)  
  21  2:52  Probe (Chrono Boost)  
  21  2:53  Warp Gate (Chrono Boost)  
  22  3:00  Probe (Chrono Boost)  
  22  3:03  Probe (Chrono Boost)  
  23  3:11  Probe (Chrono Boost)  
  24  3:13  Probe (Chrono Boost)  
  24  3:18  Pylon  
  24  3:21  Probe (Chrono Boost)  
  24  3:26  Probe (Chrono Boost)  
  26  3:32  Robotics Facility  
  26  3:34  Probe (Chrono Boost)  
  27  3:40  Probe (Chrono Boost)  
  28  3:44  Probe (Chrono Boost)  
  29  3:50  Probe (Chrono Boost)  
  30  3:59  Twilight Council  
  30  4:03  Pylon  
  30  4:07  Probe (Chrono Boost)  
  30  4:13  Stalker  
  32  4:21  Pylon  
  32  4:33  Probe  
  32  4:34  Pylon  
  32  4:35  Probe  
  32  4:37  Blink (Chrono Boost)  
  34  4:46  Probe  
  34  4:47  Probe  
  34  4:56  Probe  
  39  5:07  Stalker  
  35  5:18  Robotics Facility  
  35  5:21  Mothership Core  
  35  5:23  Pylon  
  35  5:25  Pylon  
  33  5:31  Stalker  
  31  5:37  Pylon  
  31  5:41  Gateway  
  31  5:42  Gateway  
  26  5:47  Probe x2  
  28  6:01  Gateway  
  28  6:03  Gateway  
  27  6:16  Stalker  
  29  6:24  Warp Prism  
  31  6:43  Stalker x2  
Tags
 
Add a new tag
Caveats
  • Supply blocks, unpowered buildings, or Contaminate may cause inaccurate times.
  • Supply counts are checked every 10 seconds.